Map: Dusk Towers

Players

Grumm

  • Race: Protoss Protoss
  • League: Gold

Soberbear - Winner!

  • Race: Terran Terran
  • League: Gold

VOD

Have the link to the VOD?

Description

Time

  • Played on: Jan. 8, 2016, 7:32 p.m.
  • Length: 17:19
Show
View Real Time Build Order
Export as new Build Order

Grumm Protoss 

Build Orders: Zealot Archon 

Get SALT Encoding   

  12  0:01  Probe (Chrono Boost)  
  13  0:11  Probe (Chrono Boost)  
  14  0:22  Probe (Chrono Boost)  
  14  0:24  Pylon  
  15  0:36  Assimilator  
  15  0:42  Probe (Chrono Boost)  
  16  0:43  Gateway  
  16  0:52  Probe (Chrono Boost)  
  17  1:03  Probe (Chrono Boost)  
  18  1:10  Assimilator  
  18  1:13  Probe (Chrono Boost)  
  18  1:17  Pylon  
  19  1:24  Probe (Chrono Boost)  
  20  1:35  Cybernetics Core, Probe (Chrono Boost)  
  21  1:40  Gateway  
  21  1:45  Probe (Chrono Boost)  
  22  1:52  Pylon  
  22  1:56  Probe (Chrono Boost)  
  23  2:17  Stalker  
  25  2:29  Nexus  
  25  2:32  Warp Gate (Chrono Boost)  
  26  2:37  Probe  
  26  2:46  Pylon  
  26  2:57  Gateway  
  26  3:06  Twilight Council  
  26  3:09  Probe  
  27  3:17  Forge  
  27  3:22  Sentry  
  29  3:27  Stalker  
  31  3:34  Assimilator  
  31  3:42  Probe  
  31  3:45  Mothership Core  
  34  4:05  Protoss Ground Weapons Level 1  
  34  4:08  Photon Cannon  
  34  4:19  Probe  
  34  4:20  Probe, Dark Shrine  
  34  4:22  Pylon  
  36  4:27  Pylon  
  36  4:31  Zealot  
  36  4:33  Probe  
  36  4:34  Probe  
  40  4:46  Probe  
  40  4:47  Probe  
  40  4:50  Pylon  
  40  4:51  Zealot  
  44  4:53  Sentry  
  46  5:00  Pylon, Probe  
  46  5:01  Probe  
  48  5:10  Photon Cannon  
  48  5:11  Probe  
  49  5:14  Adept  
  51  5:28  Zealot  
  51  5:29  Zealot  
  55  5:39  Dark Templar  
  55  5:40  Probe  
  55  5:41  Probe  
  59  5:46  Gateway  
  59  5:47  Gateway  
  59  5:50  Pylon  
  59  5:51  Probe  
  59  5:52  Probe  
  59  5:53  Assimilator  
  61  6:03  Dark Templar x2  
  65  6:05  Protoss Ground Armor Level 1 (Chrono Boost)  
  65  6:07  Probe  
  65  6:10  Probe  
  66  6:12  Archon  
  67  6:20  Photon Cannon  
  67  6:22  Probe  
  67  6:24  Dark Templar  
  70  6:25  Pylon  
  70  6:28  Archon  
  70  6:31  Probe  
  71  6:34  Probe  
  71  6:38  Stalker x2  
  76  6:43  Dark Templar  
  78  6:54  Probe  
  79  6:56  Photon Cannon  
  79  6:59  Forge  
  79  7:01  Stargate  
  79  7:04  Pylon  
  77  7:23  Nexus  
  77  7:27  Photon Cannon  
  77  7:35  Zealot x5  
  87  7:42  Charge (Chrono Boost)  
  87  7:48  Phoenix  
  89  8:03  Stalker  
  89  8:05  Dark Templar x2  
  93  8:07  Probe  
  93  8:11  Pylon  
  96  8:14  Photon Cannon  
  96  8:34  Phoenix  
  98  8:49  Dark Templar x5  
  98  8:51  Probe  
  98  8:54  Probe  
  110  9:00  Assimilator  
  110  9:04  Assimilator  
  110  9:06  Archon x2  
  110  9:11  Protoss Shields Level 1  
  110  9:22  Probe x2  
  112  9:24  Probe  
  113  9:31  Stalker  
  113  9:32  Zealot x4  
  113  9:34  Probe x2  
  125  9:51  Nexus  
  123  9:54  Pylon  
  113  10:07  Pylon  
  93  10:15  Dark Templar x5  
  103  10:22  Probe  
  103  10:23  Void Ray, Probe  
  109  10:29  Stargate  
  109  10:31  Stargate, Photon Cannon  
  109  10:33  Pylon  
  109  10:36  Archon x2  
  109  10:46  Assimilator  
  109  10:48  Robotics Facility  
  109  10:51  Robotics Facility, Pylon  
  109  11:02  Probe  
  109  11:03  Probe x2  
  112  11:05  Protoss Ground Armor Level 2  
  112  11:16  Void Ray x2  
  112  11:18  Void Ray  
  124  11:31  Fleet Beacon  
  124  11:50  Immortal x2  
  124  11:51  Probe  
  124  11:52  Probe x3  
  136  12:01  Assimilator  
  136  12:07  Phoenix x3  
  142  12:12  Pylon  
  142  12:27  Probe  
  143  12:35  Observer x2  
  145  12:54  Tempest  
  145  12:55  Tempest x2  
  145  12:58  Protoss Air Weapons Level 1 (Chrono Boost)  
  163  13:18  Pylon  
  163  13:20  Gateway  
  163  13:34  Nexus  
  163  13:35  Pylon  
  163  13:38  Carrier x3  
  181  13:54  Photon Cannon  
  181  13:59  Gateway  
  181  14:00  Gateway  
  181  14:01  Pylon  
  181  14:03  Pylon  
  181  14:11  Graviton Catapult  
  181  14:12  Blink  
  181  14:23  Probe  
  182  14:29  Protoss Air Armor Level 1 (Chrono Boost)  
  182  14:42  Zealot  
  182  14:43  Zealot x2  
  188  14:46  Protoss Shields Level 2 (Chrono Boost), Dark Templar x2  
  188  14:50  Archon  
  161  15:12  Dark Templar x2  
  161  15:13  Dark Templar x2  
  93  15:22  Archon  
  93  15:26  Dark Templar x2  
  84  15:37  Carrier  
  82  15:49  Zealot x3  
  78  16:10  Zealot  
  78  16:11  Zealot  
  80  16:12  Stalker x2  
  80  16:13  Zealot x3  
  73  16:33  Zealot, Dark Templar  
  73  16:36  Dark Templar  
  62  16:50  Stalker  
  62  16:53  Zealot  
  62  16:54  Zealot  
Show
View Real Time Build Order
Export as new Build Order

Soberbear Terran - Winner!

Build Orders: Bio Tank 

Get SALT Encoding   

  12  0:01  SCV  
  13  0:17  Supply Depot  
  13  0:18  SCV  
  14  0:25  Refinery  
  14  0:32  SCV  
  15  0:44  Barracks  
  15  0:48  SCV  
  16  1:00  SCV  
  17  1:12  SCV  
  18  1:24  SCV  
  19  1:31  Supply Depot, Barracks Reactor  
  19  1:37  SCV  
  20  1:50  SCV  
  21  1:58  Command Center  
  21  2:05  Factory  
  21  2:10  SCV  
  22  2:24  Orbital Command  
  22  2:28  Refinery  
  21  2:39  Marine  
  21  2:40  Marine  
  23  2:50  SCV  
  24  3:02  SCV, Factory Tech Lab  
  24  3:03  Starport  
  25  3:11  Starport  
  25  3:13  Orbital Command  
  25  3:16  SCV  
  26  3:29  SCV  
  27  3:41  Starport Reactor  
  27  3:46  Barracks  
  27  3:50  Supply Depot, Starport Reactor  
  27  3:58  SCV x2  
  29  4:10  SCV x2  
  29  4:14  Engineering Bay  
  31  4:22  SCV x2  
  33  4:25  Barracks  
  33  4:34  Refinery, SCV x2  
  33  4:36  Barracks Tech Lab  
  35  4:45  Terran Infantry Weapons Level 1  
  35  4:46  Missile Turret, Engineering Bay, SCV  
  35  4:47  SCV  
  35  4:48  Medivac  
  39  4:58  SCV  
  39  4:59  SCV  
  41  5:03  Missile Turret  
  41  5:10  SCV  
  41  5:11  SCV  
  43  5:15  Missile Turret  
  43  5:20  Terran Infantry Armor Level 1  
  43  5:21  Barracks Reactor  
  43  5:27  Supply Depot  
  43  5:38  Marine  
  43  5:39  Refinery, Marine x2  
  43  5:41  Siege Tank  
  49  5:52  Supply Depot  
  49  5:55  Medivac x2  
  49  5:56  Marine  
  54  5:57  Marine x2  
  56  6:05  Stimpack  
  56  6:13  Siege Tank  
  56  6:14  Marine, SCV  
  56  6:15  Supply Depot, Marine x2, SCV  
  64  6:26  SCV  
  64  6:27  SCV, Armory  
  64  6:31  Medivac  
  64  6:32  Marine x2  
  69  6:36  Marine  
  69  6:39  Supply Depot  
  71  6:47  Siege Tank  
  71  6:50  Marine  
  71  6:51  Marauder  
  77  6:54  Marine  
  78  7:02  Supply Depot  
  78  7:07  Marine  
  79  7:11  Marine  
  79  7:12  Marauder, Marine x2  
  80  7:23  Siege Tank  
  80  7:25  Marine  
  80  7:27  Supply Depot  
  80  7:29  Marine, Terran Infantry Armor Level 2  
  84  7:30  Marine x2  
  84  7:34  Marauder  
  89  7:43  Marine  
  90  7:54  Supply Depot  
  90  7:55  Siege Tank  
  93  7:59  Command Center  
  93  8:05  Combat Shields  
  93  8:23  Medivac  
  93  8:24  Medivac  
  93  8:25  Medivac  
  93  8:26  Medivac  
  101  8:27  Marine x2, Siege Tank  
  101  8:28  Marine x3  
  101  8:32  Supply Depot  
  109  8:37  Supply Depot  
  109  8:45  Marine  
  110  8:52  Terran Infantry Weapons Level 2  
  110  8:53  Marine x4  
  114  9:03  Marine  
  114  9:05  Barracks  
  78  9:10  Viking x4  
  115  9:11  Marauder, Marine x3  
  115  9:15  Supply Depot  
  128  9:19  Supply Depot  
  128  9:20  Marine  
  129  9:28  Marine x3  
  132  9:31  Siege Tank  
  132  9:32  Marine  
  136  9:38  Marine  
  136  9:40  Supply Depot  
  136  9:42  Supply Depot  
  137  9:46  Marine x3  
  137  9:50  Marine  
  141  9:56  Marine  
  141  9:59  Barracks Reactor  
  142  10:02  Supply Depot  
  142  10:04  Marine x3, Siege Tank  
  127  10:08  Marine  
  87  10:14  Marine  
  65  10:22  Marine x3  
  65  10:26  Marauder  
  69  10:31  Orbital Command  
  69  10:32  Marine  
  70  10:36  Supply Depot  
  70  10:40  Marine x3  
  73  10:46  Marine  
  73  10:47  Marauder  
  73  10:48  Marine  
  73  10:49  Marine  
  78  10:58  Marine x3  
  78  11:02  Supply Depot  
  81  11:09  Marauder, Marine  
  81  11:10  Marine x2  
  86  11:15  Marine x3  
  86  11:16  Terran Vehicle Weapons Level 1  
  86  11:18  Concussive Shells  
  89  11:27  Marine  
  89  11:28  Supply Depot, Marine x2  
  89  11:30  Marauder  
  96  11:33  Marine  
  96  11:34  Medivac x2  
  96  11:35  Medivac x2  
  96  11:36  Marine  
  104  11:50  Marine  
  104  11:51  Marine x4  
  104  11:52  Marauder  
  111  12:00  Marine  
  112  12:08  Marine  
  112  12:09  Marine x3  
  112  12:13  Marauder, Siege Tank  
  121  12:19  SCV  
  121  12:20  SCV x2  
  124  12:28  Marine x4  
  124  12:29  Marine x2  
  130  12:34  Medivac x2, Marauder  
  136  12:45  Siege Tank  
  136  12:46  Marine x5  
  136  12:47  Marine  
  145  12:51  Viking  
  145  12:53  Viking  
  145  12:56  Marauder  
  151  13:03  Marine  
  151  13:04  Viking x2, Marine x3  
  159  13:10  Terran Vehicle And Ship Armor Level 1  
  159  13:14  Refinery  
  159  13:15  Refinery  
  159  13:17  Marauder, Siege Tank  
  164  13:32  Marine  
  164  13:33  Marine x5  
  170  13:38  Marauder  
  172  13:44  Medivac x2  
  176  13:49  Siege Tank  
  176  13:50  Marine  
  176  13:51  Marine x5  
  185  14:00  Marauder  
  185  14:02  Viking x2  
  191  14:08  Marine  
  191  14:09  Marine  
  193  14:14  Viking  
  195  14:21  Marauder  
  195  14:24  Marine x3  
  137  15:23  Marine x7  
  137  15:26  Viking  
  137  15:27  Viking x2  
  137  15:39  Orbital Command  
  137  15:41  Marine x6  
  137  15:42  Marauder  
  136  15:59  Marine x6  
  136  16:03  Marauder  
  144  16:17  Marine x6  
  150  16:24  Marine  
  148  16:34  Marine  
  148  16:35  Marine  
Tags
 
Add a new tag
Caveats
  • Supply blocks, unpowered buildings, or Contaminate may cause inaccurate times.
  • Supply counts are checked every 10 seconds.